 Dungeon Crawl Stone Soup version 0.22-a0-779-g6f83d72 (webtiles) character file.

14 Cydver the Ducker (level 2, 0/22 HPs)
             Began as a Vampire Gladiator on July 18, 2018.
             Slain by a worker ant zombie (3 damage)
             ... on level 3 of the Dungeon.
             The game lasted 00:09:04 (576 turns).

Cydver the Ducker (Vampire Gladiator)                Turns: 576, Time: 00:09:05

Health: 0/22       AC: 10    Str: 13    XL:     2   Next: 27%
Magic:  2/2        EV:  7    Int: 10    God:
Gold:   44         SH:  0    Dex: 15    Spells: 1/1 levels left

rFire    . . .     SeeInvis +   a - +0 long sword
rCold    . . .     Gourm    .   (no shield)
rNeg     + . .     Faith    .   i - +1 chain mail
rPois    .         Spirit   .   c - +0 helmet
rElec    .         Reflect  .   (no cloak)
rCorr    .         Harm     .   (no gloves)
MR       .....                  (no boots)
Stlth    ..........             (no amulet)
HPRegen  0.07/turn              h - ring of wizardry
MPRegen  0.08/turn              (no ring)

@: lethally poisoned (0 -> -2), invisible
A: fangs 3, see invisible, unbreathing
a: no special abilities


You were on level 3 of the Dungeon.
You were not thirsty.

You visited 1 branch of the dungeon, and saw 3 of its levels.

You collected 44 gold pieces.

Inventory:

Hand Weapons
 a - a +0 long sword (weapon)
Missiles
 d - 3 throwing nets (quivered)
Armour
 b - a +0 leather armour
 c - a +0 helmet (worn)
 i - a +1 chain mail (worn)
Jewellery
 h - a ring of wizardry (left hand)
Scrolls
 j - a scroll of fear {unknown}
Potions
 e - a potion of blood
 f - a potion of mutation


   Skills:
 - Level 1.9 Fighting
 + Level 3.2 Long Blades
 - Level 1.5 Throwing
 + Level 3.5 Dodging
 * Level 1.4 Stealth


You had one spell level left.
You didn't know any spells.
Your spell library was empty.

Dungeon Overview and Level Annotations

Branches:
Dungeon (3/15)

Altars:


Innate Abilities, Weirdness & Mutations

You have razor-sharp teeth.
You have supernaturally acute eyesight. (SInv)
You can survive without breathing.


Message History

The bat hits you but does no damage. The bat barely misses you.
The kobold throws a stone.
The stone closely misses you.
The worker ant zombie bites you but does no damage.
You see here a stone.
You feel sick. The bat hits you but does no damage. The bat barely misses you.
You riposte.
You hit the bat.
You kill the bat!
The kobold throws a stone.
The stone hits you but does no damage.
The worker ant zombie barely misses you.
You riposte.
You hit the worker ant zombie.
The worker ant zombie is lightly damaged.
The bat barely misses you.
You see here a stone.
Yummy - fresh blood!
The bat barely misses you. The worker ant zombie bites you.
* * * LOW HITPOINT WARNING * * *
You fade into invisibility!
The bat hits you but does no damage. The bat closely misses you.
The kobold barely misses you. The worker ant zombie bites you.
You die...

##############
#..........?.##
#########..............
............(.Ss........
............###K........
............###Z@K#####
..................#
................b##
#..................
#..................
...................
..#......###........
..#.†....88.P.......
...................


You could see an adder, a worker ant zombie, a giant cockroach, a bat and 2
kobolds.

Vanquished Creatures
  2 giant cockroaches (D:1)
  A goblin (D:1)
  2 hobgoblins (D:1)
  6 bats
  A kobold (D:1)
  A rat (D:1)
13 creatures vanquished.

Notes
Turn   | Place    | Note
-------+----------+-------------------------------------------
     0 | D:1      | Cydver the Vampire Gladiator began the quest for the Orb.
     0 | D:1      | Reached XP level 1. HP: 16/16 MP: 1/1
   163 | D:1      | Reached skill level 1 in Stealth
   163 | D:1      | Reached XP level 2. HP: 14/22 MP: 2/2
   576 | D:3      | Slain by a worker ant zombie

Vault maps used:
D:1:      scummos_arrival_gate, minmay_bisected
D:2:      hangedman_decor_riveting, dk_noncrumbling_4,
          hangedman_abyss_or_decor_lesser_grid, trog_hazing_becter
D:3:      lemuel_crystal_altar, serial_undead, serial_undead_d, serial_undead_b,
          serial_undead_a, serial_undead_e, serial_undead_d, serial_undead_e,
          serial_undead_a

Skill      XL: |  1 |
---------------+----+-----
Stealth        | 1 |  1.4
Fighting       | |  1.9
Long Blades    | |  3.2
Throwing       | |  1.5
Dodging        | |  3.5

Action                   || total
-------------------------++-------
Melee: Long sword        ||    22
  Use: Potion            ||     4
       Scroll            ||     3
Armor: Leather armour    ||    15
       Chain mail        ||    28
Dodge: Dodged            ||    47
       Rpst.: Long sword ||    12

Table legend:
 A = Spawn XP
 B = Non-spawn XP
 C = Spawn XP percentage of total XP
 D = Spawn monster count
 E = Non-spawn monster count
 F = Spawn count percentage of total count
 G = Total turns spent on level
                    A         B        C        D         E        F      G
               +---------+---------+-------+---------+---------+-------+---------
         Total |       0 |      20 |   0.0 |       0 |      13 |   0.0 |   576
               +---------+---------+-------+---------+---------+-------+---------
           D:1 |       0 |      16 |   0.0 |       0 |      10 |   0.0 |   536
           D:2 |       0 |       2 |   0.0 |       0 |       1 |   0.0 |    19
           D:3 |       0 |       2 |   0.0 |       0 |       2 |   0.0 |    21
               +---------+---------+-------+---------+---------+-------+---------
